[Event "AUT Bundesliga 2024-25"]
[Site "Austria"]
[Date "2025.04.03"]
[Round "7.28"]
[White "Korpa, Bence"]
[Black "Sebenik, Matej"]
[Result "1/2-1/2"]
[Annotator "TA"]
[ECO "D05"]
[WhiteElo "2543"]
[BlackElo "2491"]
[PlyCount "63"]
[EventDate "2024.08.28"]
[EventType "team-tourn"]
[EventCountry "AUT"]
[SourceTitle "playchess.com"]
[Source "ChessBase"]
[SourceQuality "1"]
[TimeControl "40/5400+30:1800+30"]

1. Nf3 d5 2. e3 Nf6 3. b3 e6 4. Bb2 c5 5. d4 Nc6 6. Nbd2 Bd6 7. dxc5 $1 {[%emt 0:00:33][%mdl 4] outshines the older 7.Bd3. D05: Colle System with ...e6.} Bxc5 8. a3 O-O 9. b4 Be7 10. Bd3 b6 11. c4 Bb7 12. O-O dxc4 13. Bxc4 Rc8 14. Rc1 Nb8 $146 (14... Nd5 15. Qe2 Bf6 16. Ne4 Bxb2 17. Qxb2 Qe7 18. Rfd1 Rfd8 19. Bxd5 exd5 20. Ng3 f6 {1-0 Maly,A (2371)-Peycheva,G (2255) Titled Tuesday intern op 16th June blitz 2020 (7)}) 15. Qb3 Bd5 16. Bxf6 Bxf6 17. Bxd5 Qxd5 18. Qxd5 exd5 19. Nd4 Bxd4 20. exd4 Nc6 21. Nf3 f6 22. Rfe1 {[%emt 0:07:37] Prevents Ne7} Kf7 23. Kf1 g5 24. Ke2 g4 25. Nh4 Nxd4+ 26. Kd3 Nc6 {[%emt 0:01:38] The position is equal.} 27. Nf5 {[%emt 0:04:23] [#] And now Nd6+ would win.} Ne5+ 28. Kd4 Ke6 29. Ng7+ Kd6 30. Nf5+ Ke6 31. Ng7+ Kd6 32. Nf5+ {[%emt 0:00:40] An even fight not without its subleties.   Weighted Error Value: White=0.06 (flawless) /Black=0.06 (flawless)   Inaccurate:     	White=1     	Black=1      OK:         	White=8     	Black=12     Best:        	White=5     	---} 1/2-1/2

[Event "AUT Bundesliga 2024-25"]
[Site "Austria"]
[Date "2025.04.03"]
[Round "7.29"]
[White "Schreiner, Peter"]
[Black "Subelj, Jan"]
[Result "1-0"]
[Annotator "TA"]
[ECO "D02"]
[WhiteElo "2425"]
[BlackElo "2528"]
[PlyCount "101"]
[EventDate "2024.08.28"]
[EventType "team-tourn"]
[EventCountry "AUT"]
[SourceTitle "playchess.com"]
[Source "ChessBase"]
[SourceQuality "1"]
[TimeControl "40/5400+30:1800+30"]

1. Nf3 d5 2. g3 g6 3. Bg2 Bg7 4. d4 c6 5. O-O Nf6 6. c3 O-O 7. Bf4 Nbd7 8. a4 {[%emt 0:01:25] D02: 1 d4 d5 2 Nf3 sidelines, including 2...Nf6 3 g3 and 2...Nf6 3 Bf4.} a5 9. Nbd2 h6 10. Ne5 {[%emt 0:05:17] The position is equal.} g5 11. Nxd7 $1 Nxd7 12. Be3 e5 $146 (12... f5 13. f4 g4 14. Nb3 Nf6 15. Nc5 h5 16. Nd3 h4 17. gxh4 Nh5 18. Bf2 e6 {1-0 Banusz,T (2591)-Kantor,G (2575) HUN-ch 69th Budapest 2021 (8)}) 13. dxe5 Nxe5 14. Bd4 f5 15. Nf3 Nxf3+ 16. exf3 f4 17. Re1 Rf7 18. Bxg7 Kxg7 {[%emt 0:00:00] White now steadily converts the win.} 19. Qd4+ Qf6 20. Re5 {[%emt 0:01:48] White is more active.} Bd7 21. Rae1 Kg8 {[%emt 0:00:00] [#]} 22. g4 $1 Rff8 (22... Rb8 $16 23. Bf1 b6) 23. Bf1 $18 Qg7 (23... Qd6 $142 24. Qb6 Rf7) 24. Qb6 Rae8 25. Rxe8 Rxe8 26. Rxe8+ Bxe8 27. Qxa5 {[%emt 0:00:17][%mdl 4096] Endgame KQB-KQB. White is a pawn up.} Bg6 (27... Qe7 $16 28. Qb6 h5) 28. Qd8+ Qf8 29. Qc7 Qf7 30. Qd6 Kg7 31. a5 Bc2 32. a6 bxa6 33. Qxc6 a5 34. Qc5 a4 35. Qd4+ Kf8 36. Bb5 Qg6 37. Qxd5 (37. Bxa4 Bxa4 38. Qxa4 Qb1+ 39. Kg2 Qxb2 $18) 37... Bb3 38. Qd8+ Kg7 39. Bd3 Qe6 40. Qd4+ Kf7 41. Be4 Ke7 42. Kg2 Qd6 43. Qg7+ Kd8 (43... Bf7 $142 44. Bc2 Qc6 45. Qe5+ Kf8) 44. h4 Qd2 (44... gxh4 $142 45. Qb7 Ke8) 45. hxg5 hxg5 46. Qxg5+ Ke8 47. Qf6 {[%emt 0:01:53] [#] Threatening mate with Bc6+.} Bf7 48. g5 Qxb2 49. Bc6+ Kf8 50. Bd5 a3 51. Qxf7# {[%emt 0:12:37] Weighted Error Value: White=0.10 (very precise) /Black=0.74  Mistake:       	---       	Black=5      Inaccurate:     	White=1     	Black=5      OK:         	White=21    	Black=7      Best:        	White=2     	Black=2      Strong:       	White=2     	---} 1-0

[Event "AUT Bundesliga 2024-25"]
[Site "Austria"]
[Date "2025.04.03"]
[Round "7.30"]
[White "Gschnitzer, Adrian"]
[Black "Dotzer, Lukas"]
[Result "1/2-1/2"]
[Annotator "TA"]
[ECO "B43"]
[WhiteElo "2430"]
[BlackElo "2453"]
[PlyCount "260"]
[EventDate "2024.08.28"]
[EventType "team-tourn"]
[EventCountry "AUT"]
[SourceTitle "playchess.com"]
[Source "ChessBase"]
[SourceQuality "1"]
[TimeControl "40/5400+30:1800+30"]

1. e4 c5 2. Nf3 e6 3. d4 cxd4 4. Nxd4 a6 5. Nc3 b5 6. Bd3 Bb7 7. O-O Nc6 8. Nxc6 Bxc6 9. Re1 {[%emt 0:01:08] B43: Sicilian: Kan Variation: 5 Nc3.} Ne7 10. a4 b4 11. Ne2 Ng6 12. Nd4 Bb7 13. Qh5 Qc7 14. e5 Bc5 15. Nb3 Ba7 16. Be3 (16. Qg5 $11) 16... Nxe5 $146 (16... Bxe3 $1 $17 17. Rxe3 Bxg2) (16... Bxe3 17. Rxe3 Bxg2 18. Bxg6 fxg6 19. Qg4 Bd5 20. Qxb4 Qxc2 21. Nd4 Qc7 22. Ne2 Rb8 {0-1 Bilych,O (2342)-Subelj,J (2468) EU-ch 22nd Terme Catez 2022 (10)}) 17. Bxa6 g6 18. Qg5 (18. Qh4 $1 $15 Bxa6 19. Bxa7 (19. Qf6 Bxe3 20. Rxe3 O-O $15) 19... Rxa7 20. Qf6) 18... f6 $1 $17 19. Qxf6 Rf8 20. Qxe5 (20. Qg7 $17 Bxa6 21. Bxa7 (21. Qxh7 $2 Bxe3 22. Rxe3 Qxc2 $19) 21... Qxa7 22. Qxe5 (22. Rxe5 $2 Qxf2+ 23. Kh1 Qf1+ 24. Rxf1 Rxf1#) 22... Qxf2+ 23. Kh1) 20... Qxe5 $19 21. Bxb7 Bxe3 $1 22. Rxe3 Qf5 (22... Qxb2 23. Bxa8 Qxc2 24. Bf3 $18) 23. Re2 {[%emt 0:08:51] [#]} Rxa4 24. Rxa4 $17 Qb5 $40 {[%emt 0:00:09][%csl LRa4,LRb7,LRe2][%mdl 128] Black is out for blood.} 25. Ra8+ Ke7 26. Rd2 (26. Ba6 $2 Qd5 27. Rd2 Qxa8 $19) 26... Qxb7 27. Rxf8 (27. Ra1) 27... Qe4 $19 28. Kf1 {[%emt 0:00:06] Wards off Qe1+} Kxf8 {[%emt 0:00:26][%mdl 4096] Endgame KQ-KRN} 29. Nc5 Qc4+ 30. Nd3 e5 31. f3 (31. b3 {keeps fighting.} Qc3 32. Re2) 31... Qd4 32. b3 d6 33. Re2 Qc3 34. Kf2 Kf7 35. g3 Kf6 36. Kg2 h5 37. h4 Kf5 38. Kh2 Qa1 39. Re1 Qa2 40. Re2 Qa1 41. Re1 $1 Qc3 42. Re2 d5 (42... Qd4 $17 43. Nf2 d5) 43. Kg2 $2 (43. Rxe5+ $11 Kf6 44. Re2) 43... e4 44. fxe4+ dxe4 45. Rf2+ Ke6 46. Nf4+ Kd6 47. Nxg6 (47. Kh2 $142 Kd7 48. Re2) 47... e3 48. Re2 Qc6+ 49. Kh2 Qf3 50. Nf4 Ke5 $2 (50... Kc5 51. Nd3+ Kd6) 51. Rg2 Kf5 $2 (51... Qd1 52. Re2 Kd4) 52. Ne2 Kg4 53. Ng1 Qe4 54. Re2 Qe5 55. Rg2 Qc7 56. Kh1 Qf7 57. Kh2 Qf5 58. Kh1 {[%emt 0:00:49] [#]} e2 $2 59. Nxe2 $11 {[%emt 0:02:54] The position is equal.} Qf1+ (59... Qxc2 $2 {loses.} 60. Rf2 Qxb3 61. Kh2 $18) 60. Kh2 Kf3 61. Ng1+ Ke3 62. Re2+ Kd4 63. Rd2+ Kc3 64. Rg2 Kb2 65. Nh3 Qf3 66. Rf2 Qe3 67. Kg2 Qe4+ 68. Kh2 Qe3 69. Rg2 Qf3 70. Nf4 Qg4 71. Nd5 Qe4 72. Nf4 Qf3 73. Nd3+ Kc3 74. Rf2 Qe3 75. Kg2 Qe4+ 76. Kg1 Qg4 77. Kh2 Qd1 78. Kg2 Qg4 79. Ne5 Qe4+ 80. Nf3 Qd5 81. Rd2 Qa8 82. Kf2 Qa7+ 83. Kg2 Qa8 84. Re2 Qb7 85. Kf2 Qa7+ 86. Kf1 Qa1+ 87. Ne1 Qa8 88. Re3+ Kb2 89. Ke2 Kc1 90. Nd3+ Kxc2 91. Nxb4+ Kb2 92. Nd3+ Kxb3 93. Ne5+ Kc2 94. Nf3 Qa6+ 95. Kf2 Qb6 96. Ne5 Qf6+ 97. Ke2 Qa6+ 98. Kf3 Kd2 99. Rd3+ Kc2 100. Ke4 Qe6 101. Rf3 Qg8 102. Kf5 Kd2 103. Kf6 Ke2 104. Rf5 Qxg3 105. Rxh5 Ke3 106. Ng6 Qd6+ 107. Kg7 Qd7+ 108. Kh6 Qd2 109. Rf5 Ke4+ 110. Rf4+ Kd5 111. Kg7 Qc3+ 112. Rf6 Qc7+ 113. Rf7 Qc3+ 114. Rf6 Qc7+ 115. Kg8 Qc8+ 116. Rf8 Qg4 117. h5 Ke6 118. Kg7 Qd4+ 119. Kh7 Qd7+ 120. Kg8 {[%emt 0:00:08] aiming for h6.} Qd2 121. Nf4+ Ke7 122. Ng6+ Ke6 123. Nf4+ Ke7 124. Rf7+ Ke8 {[%emt 0:00:12] ( -> ...Qa2)} 125. Ne6 Qh6 126. Ng7+ Kd8 127. Rf5 Ke7 128. Re5+ Kd7 $1 129. Re6 Qxh5 130. Nxh5 {[%emt 0:00:15] Intending Kf7 and mate.} Kxe6 {[%emt 0:00:44] White happily takes the draw.   Weighted Error Value: White=0.32/Black=0.31  Loses game:     	White=1     	---        Missed win:     	---       	Black=1      Mistake:       	White=6     	Black=4      Inaccurate:     	White=2     	Black=1      OK:         	White=49    	Black=38     Best:        	White=7     	Black=11     Strong:       	White=1     	Black=3} 1/2-1/2

[Event "AUT Bundesliga 2024-25"]
[Site "Austria"]
[Date "2025.04.03"]
[Round "7.31"]
[White "Pechac, Jergus"]
[Black "Ragger, Markus"]
[Result "1-0"]
[Annotator "ChessBase"]
[ECO "C54"]
[WhiteElo "2600"]
[BlackElo "2585"]
[PlyCount "113"]
[EventDate "2024.08.28"]
[EventType "team-tourn"]
[EventCountry "AUT"]
[SourceTitle "playchess.com"]
[Source "ChessBase"]
[SourceQuality "1"]
[TimeControl "40/5400+30:1800+30"]

1. e4 e5 2. Nf3 Nc6 3. Bc4 Bc5 4. O-O Nf6 5. d3 d6 6. c3 a6 7. a4 Ba7 8. Re1 O-O 9. h3 h6 10. Nbd2 Re8 11. b4 Be6 12. Bxe6 Rxe6 13. Qc2 Qd7 14. Nb3 Nh5 15. d4 Rf6 16. Qd1 Nf4 17. Bxf4 Rxf4 18. b5 Ne7 19. g3 Rf6 20. dxe5 Rg6 21. Kg2 axb5 22. axb5 Qxb5 23. Nh4 Qb6 24. Nd4 dxe5 25. Nxg6 Nxg6 26. Qb3 exd4 27. Qxb6 cxb6 28. cxd4 Ne7 29. d5 Kf8 30. Rec1 Rc8 31. d6 Rxc1 32. dxe7+ Kxe7 33. Rxc1 Kd6 34. e5+ Kxe5 35. Rc7 b5 36. Rxb7 Bd4 37. Rxb5+ Kf6 38. f4 g6 39. g4 Kg7 40. Kf3 Bc3 41. Ke4 Bf6 42. Rc5 Bb2 43. h4 Bf6 44. h5 gxh5 45. gxh5 Bb2 46. Rc6 Ba1 47. Kd5 Bb2 48. f5 Ba1 49. Kc5 Bb2 50. Kb6 Be5 51. Kb7 Bd4 52. Kc7 Be5+ 53. Kd7 Bf6 54. Ke8 Bb2 55. Ke7 Ba3+ 56. Kd7 Bb2 57. Ke8 1-0

[Event "AUT Bundesliga 2024-25"]
[Site "Austria"]
[Date "2025.04.03"]
[Round "7.32"]
[White "Costa, Leonardo"]
[Black "Zilka, Stepan"]
[Result "0-1"]
[Annotator "TA"]
[ECO "C54"]
[WhiteElo "2510"]
[BlackElo "2515"]
[PlyCount "74"]
[EventDate "2024.08.28"]
[EventType "team-tourn"]
[EventCountry "AUT"]
[SourceTitle "playchess.com"]
[Source "ChessBase"]
[SourceQuality "1"]
[TimeControl "40/5400+30:1800+30"]

1. e4 e5 2. Nf3 Nc6 3. Bc4 Bc5 4. c3 Nf6 5. d3 a6 6. O-O Ba7 7. Re1 {[%emt 0:00:19] 7.a4 is setting a new trend. C54: Giuoco Piano: 4 c3 Nf6, main lines with 5 d4 and 5 d3.} d6 8. a4 h6 9. Nbd2 {[%emt 0:00:08][%cal Bb1d2,Bd2f1,Bf1g3][%mdl 32] The position is equal.} O-O 10. h3 Re8 11. b4 Be6 12. Bxe6 Rxe6 13. Qc2 Ne7 14. Nf1 c6 15. c4 Ng6 16. Ng3 d5 17. Bb2 (17. Nf5 Qd7 18. Bd2 Ne7 19. Bc3) 17... d4 $146 (17... a5 18. exd5 cxd5 19. Nxe5 Nxe5 20. Rxe5 dxc4 21. Rxe6 cxd3 22. Qb3 fxe6 23. Qxe6+ Kh8) (17... dxe4 18. dxe4 a5 19. Red1 Qc7 20. bxa5 Qxa5 21. Bc3 Qc7 22. Bb4 Bd4 23. Nxd4 exd4 24. Bc5 Rae8 25. Bxd4 Nxe4 26. Nf5 f6 27. Be3 Re5 {½-½ Saric,I (2666)-Kasimdzhanov,R (2691) Bundesliga 1617 2016 (5.3)}) 18. c5 a5 19. Ba3 axb4 20. Bxb4 Nd7 21. Rec1 Nf4 22. Ne2 Nxe2+ 23. Qxe2 Qe7 24. Qc2 Rf8 25. Rab1 f5 26. Ba3 {[%emt 0:18:44] [#] exf5 would now be deadly.} (26. Nd2 {with more complications.} fxe4 27. Nxe4 Rg6 28. Re1) 26... fxe4 27. dxe4 Rb8 (27... Rxf3 $1 $11 28. gxf3 Qh4) 28. Rb3 Kh7 29. Ne1 Rg6 30. Nd3 Qg5 31. g3 (31. f3 $11) 31... Qh4 $17 32. Rcb1 $2 {[%emt 0:05:04][%mdl 8192] White does not recover from this.} (32. Kh2 $17 Qxe4 33. Rcb1) 32... Qxh3 $19 33. Qd1 Rf8 {[%emt 0:00:23] And now ...Rg5 would win.} ({Less strong is} 33... b6 34. R1b2 $17) 34. R1b2 (34. Nb2 $142) 34... Rg5 35. Rxb7 {[%emt 0:01:56] [#]} Rxf2 $1 {[%emt 0:01:55] Black mates.} 36. Kxf2 Qxg3+ 37. Ke2 Qe3+ {[%emt 0:00:07] Weighted Error Value: White=0.79/Black=0.07 (flawless)   Loses game:     	White=1     	---        Mistake:       	White=2     	Black=1      Inaccurate:     	White=4     	Black=1      OK:         	White=8     	Black=7      Best:        	White=1     	Black=4} 0-1

[Event "AUT Bundesliga 2024-25"]
[Site "Austria"]
[Date "2025.04.03"]
[Round "7.33"]
[White "Hracek, Zbynek"]
[Black "Halvax, Georg"]
[Result "1-0"]
[Annotator "RC"]
[ECO "D35"]
[WhiteElo "2538"]
[BlackElo "2441"]
[PlyCount "51"]
[EventDate "2024.08.28"]
[EventType "team-tourn"]
[EventCountry "AUT"]
[SourceTitle "playchess.com"]
[Source "ChessBase"]
[SourceQuality "1"]
[TimeControl "40/5400+30:1800+30"]

1. c4 e6 2. Nc3 d5 3. d4 Nf6 4. cxd5 exd5 5. Bg5 c6 6. e3 Be7 7. Bd3 Nbd7 8. Nf3 Nf8 9. Ne5 Ne6 10. f4 O-O 11. O-O c5 12. Kh1 h6 13. Bxf6 Bxf6 14. Bc2 Re8 15. Qh5 Re7 16. Rad1 cxd4 17. exd4 Nc7 18. g4 g6 19. Qxh6 Bxe5 20. fxe5 Bxg4 21. Rf4 Bh5 22. Rg1 Ne6 23. Rh4 Bf3+ 24. Rg2 Bxg2+ 25. Kxg2 Nf4+ 26. Kf3 1-0

[Event "AUT Bundesliga 2024-25"]
[Site "Austria"]
[Date "2025.04.03"]
[Round "7.34"]
[White "Genser, Harald"]
[Black "Stalmach, Richard"]
[Result "0-1"]
[Annotator "RC"]
[ECO "D02"]
[WhiteElo "2271"]
[BlackElo "2427"]
[PlyCount "54"]
[EventDate "2024.08.28"]
[EventType "team-tourn"]
[EventCountry "AUT"]
[SourceTitle "playchess.com"]
[Source "ChessBase"]
[SourceQuality "1"]
[TimeControl "40/5400+30:1800+30"]

1. d4 Nf6 2. Nf3 e6 3. Bf4 c5 4. e3 Nc6 5. c3 d5 6. Nbd2 cxd4 7. exd4 Nh5 8. Be3 Bd6 9. Ne5 Nf6 10. Bb5 O-O 11. Nxc6 bxc6 12. Bd3 Qc7 13. h3 c5 14. dxc5 Bxc5 15. Bxc5 Qxc5 16. O-O e5 17. c4 e4 18. Be2 d4 19. Nb3 Qg5 20. f4 Qg6 21. Qxd4 Bxh3 22. Rf2 Qg3 23. Bd1 e3 24. Rc2 Rad8 25. Qxa7 e2 26. Rxe2 Ng4 27. Nd2 Rxd2 0-1

[Event "AUT Bundesliga 2024-25"]
[Site "Austria"]
[Date "2025.04.03"]
[Round "7.35"]
[White "Haba, Petr"]
[Black "Hartl, Daniel"]
[Result "1/2-1/2"]
[Annotator "RC"]
[ECO "D10"]
[WhiteElo "2413"]
[BlackElo "2271"]
[PlyCount "61"]
[EventDate "2024.08.28"]
[EventType "team-tourn"]
[EventCountry "AUT"]
[SourceTitle "playchess.com"]
[Source "ChessBase"]
[SourceQuality "1"]
[TimeControl "40/5400+30:1800+30"]

1. d4 d5 2. c4 c6 3. Nc3 dxc4 4. e3 b5 5. a4 b4 6. Ne4 Qd5 7. Nd2 c3 8. bxc3 bxc3 9. Nb1 Qa5 10. Qc2 e6 11. Ba3 Nf6 12. Bxf8 Kxf8 13. Qxc3 Qxc3+ 14. Nxc3 Nbd7 15. Rb1 Rb8 16. Rxb8 Nxb8 17. Nf3 Nbd7 18. Be2 Bb7 19. O-O Ke7 20. Rc1 c5 21. dxc5 Nxc5 22. Nb5 Nfd7 23. Ne5 a6 24. Nxd7 Nxd7 25. Na7 Ra8 26. Nc6+ Kd6 27. Na5 Bd5 28. f3 f5 29. Nc4+ Bxc4 30. Rxc4 Nc5 31. Rb4 1/2-1/2

[Event "AUT Bundesliga 2024-25"]
[Site "Austria"]
[Date "2025.04.03"]
[Round "7.36"]
[White "Steiner, Josef"]
[Black "Bures, Jaroslav"]
[Result "0-1"]
[Annotator "RC"]
[ECO "A30"]
[WhiteElo "2046"]
[BlackElo "2396"]
[PlyCount "152"]
[EventDate "2024.08.28"]
[EventType "team-tourn"]
[EventCountry "AUT"]
[SourceTitle "playchess.com"]
[Source "ChessBase"]
[SourceQuality "1"]
[TimeControl "40/5400+30:1800+30"]

1. Nf3 c5 2. c4 Nc6 3. d4 cxd4 4. Nxd4 g6 5. g3 Bg7 6. Nxc6 dxc6 7. Qc2 Nf6 8. Bg2 Be6 9. O-O Qd4 10. Nd2 O-O-O 11. Rb1 Bh6 12. e3 Qd3 13. Qxd3 Rxd3 14. b3 Bf5 15. Nf3 Rdd8 16. Ra1 Bg7 17. Bb2 h6 18. Rad1 c5 19. h3 Bc2 20. Rc1 Be4 21. Rfd1 Rhg8 22. Bc3 Nd7 23. Bxg7 Rxg7 24. Ne1 Bxg2 25. Nxg2 Rgg8 26. Rd5 e6 27. Rd6 Nf6 28. Rcd1 Rxd6 29. Rxd6 Nd5 30. e4 Nc3 31. e5 Nxa2 32. Rd3 Rd8 33. Rf3 Rd7 34. Ne1 Nb4 35. Re3 Rd1 36. Kg2 Kd7 37. h4 Ke7 38. g4 b6 39. Kg3 a5 40. f4 Rd4 41. Rc3 h5 42. gxh5 gxh5 43. Nf3 Rd3 44. Rxd3 Nxd3 45. Nd2 f6 46. exf6+ Kxf6 47. Ne4+ Kf5 48. Nd6+ Kg6 49. Nc8 Nc1 50. Nxb6 Nxb3 51. Na4 Kf5 52. Kf3 Nd2+ 53. Ke2 Nxc4 54. Kd3 Nd6 55. Nxc5 Kxf4 56. Nxe6+ Kg4 57. Kd4 Kxh4 58. Kc5 Nb7+ 59. Kc6 Kg4 60. Kxb7 h4 61. Kb6 h3 62. Kxa5 h2 63. Nc5 h1=Q 64. Kb5 Kf5 65. Kc4 Qc6 66. Kd4 Qd6+ 67. Kc4 Ke5 68. Nd3+ Ke4 69. Nc5+ Ke3 70. Nb3 Qd3+ 71. Kb4 Qc2 72. Nc5 Kd4 73. Nb3+ Kd5 74. Na1 Qc4+ 75. Ka3 Kd4 76. Nb3+ Kc3 0-1

[Event "AUT Bundesliga 2024-25"]
[Site "Austria"]
[Date "2025.04.04"]
[Round "8.2"]
[White "Costa, Leonardo"]
[Black "Kozul, Zdenko"]
[Result "1-0"]
[Annotator "RC"]
[ECO "B67"]
[WhiteElo "2510"]
[BlackElo "2507"]
[PlyCount "79"]
[EventDate "2024.08.28"]
[EventType "team-tourn"]
[EventCountry "AUT"]
[SourceTitle "playchess.com"]
[Source "ChessBase"]
[SourceQuality "1"]
[TimeControl "40/5400+30:1800+30"]

1. e4 c5 2. Nf3 d6 3. d4 cxd4 4. Nxd4 Nf6 5. Nc3 Nc6 6. Bg5 e6 7. Qd2 a6 8. O-O-O Bd7 9. Kb1 Nxd4 10. Qxd4 Be7 11. f3 O-O 12. h4 h6 13. Be3 h5 14. Bg5 Qc7 15. g4 hxg4 16. h5 e5 17. Qf2 Kh7 18. f4 Bc6 19. fxe5 Nxe4 20. Qf5+ Kg8 21. Nxe4 Bxe4 22. Qxe4 Bxg5 23. Bd3 f5 24. exf6 gxf6 25. Qxg4 Kh8 26. h6 Rae8 27. a3 Re5 28. Bc4 Qe7 29. Bb3 f5 30. Qf3 f4 31. h7 b5 32. Rh3 a5 33. Qc6 Rc5 34. Qg2 Qe5 35. Bd5 b4 36. a4 Rcc8 37. Rh5 Rf5 38. Qg4 Rcf8 39. Rd3 f3 40. Rxf3 1-0

[Event "AUT Bundesliga 2024-25"]
[Site "Austria"]
[Date "2025.04.04"]
[Round "8.10"]
[White "Hracek, Zbynek"]
[Black "Korpa, Bence"]
[Result "1-0"]
[Annotator "RC"]
[ECO "B00"]
[WhiteElo "2538"]
[BlackElo "2543"]
[PlyCount "77"]
[EventDate "2024.08.28"]
[EventType "team-tourn"]
[EventCountry "AUT"]
[SourceTitle "playchess.com"]
[Source "ChessBase"]
[SourceQuality "1"]
[TimeControl "40/5400+30:1800+30"]

1. e4 Nc6 2. Nf3 d6 3. d4 Nf6 4. Nc3 g6 5. Be3 a6 6. Qd2 b5 7. Bd3 Ng4 8. Bg5 h6 9. Bh4 Bg7 10. h3 Nf6 11. e5 Nh5 12. g4 dxe5 13. dxe5 b4 14. O-O-O bxc3 15. Qxc3 Qd5 16. Bxa6 Qe4 17. Bb5 O-O 18. Bxc6 Qf4+ 19. Kb1 Be6 20. b3 g5 21. Rd4 Bxe5 22. Nxe5 Qxe5 23. gxh5 Rad8 24. Rhd1 gxh4 25. Rg4+ Bxg4 26. Qxe5 Rxd1+ 27. Kb2 Bxh3 28. Qxe7 Bf5 29. Qf6 Bh7 30. Qxh4 Rfd8 31. Be4 Bxe4 32. Qxe4 R1d5 33. Qh4 R8d6 34. a4 Kf8 35. Qg4 Re6 36. a5 Rg5 37. Qc4 Kg8 38. Qxc7 Rxh5 39. a6 1-0

[Event "AUT Bundesliga 2024-25"]
[Site "Austria"]
[Date "2025.04.04"]
[Round "8.11"]
[White "Subelj, Jan"]
[Black "Stalmach, Richard"]
[Result "1-0"]
[Annotator "RC"]
[ECO "B96"]
[WhiteElo "2528"]
[BlackElo "2427"]
[PlyCount "159"]
[EventDate "2024.08.28"]
[EventType "team-tourn"]
[EventCountry "AUT"]
[SourceTitle "playchess.com"]
[Source "ChessBase"]
[SourceQuality "1"]
[TimeControl "40/5400+30:1800+30"]

1. e4 c5 2. Nf3 d6 3. d4 cxd4 4. Nxd4 Nf6 5. Nc3 a6 6. Bg5 e6 7. f4 h6 8. Bh4 Qb6 9. a3 Nc6 10. Bf2 Qc7 11. Qf3 e5 12. Nf5 Bxf5 13. exf5 O-O-O 14. O-O-O d5 15. fxe5 Nxe5 16. Qh3 Neg4 17. Bg3 Bd6 18. Be2 Bxg3 19. Bxg4 Qf4+ 20. Kb1 Qxg4 21. hxg3 d4 22. Qxg4 Nxg4 23. Rh4 h5 24. Ne2 g5 25. fxg6 fxg6 26. Rd2 Rhf8 27. Nxd4 Rf1+ 28. Ka2 Re1 29. c3 Rde8 30. Rh3 Kb8 31. Kb3 Ka7 32. Rh4 R8e3 33. Rh3 Nf6 34. Rf2 Ne4 35. Rf4 Rg1 36. g4 Nd2+ 37. Kb4 Re5 38. gxh5 gxh5 39. Rf7 a5+ 40. Ka4 Ka6 41. Rg3 b5+ 42. Nxb5 Rxb5 43. Rgg7 Rb8 44. Ra7+ Kb6 45. Rad7 Nb3 46. Kxb3 Kc6+ 47. Kc4 Rxg2 48. Rc7+ Kd6 49. Rgd7+ Ke6 50. b4 Rg4+ 51. Kc5 Rg5+ 52. Kc6 Rgb5 53. Rd6+ Ke5 54. Re7+ Kf4 55. Rd4+ Kf3 56. Ra7 axb4 57. axb4 Rf5 58. Ra1 Rg5 59. Ra5 Rg6+ 60. Kc7 Rh8 61. Rf5+ Kg3 62. Rd3+ Kg2 63. Rd2+ Kg3 64. b5 h4 65. Rf1 Rg7+ 66. Kb6 Rb8+ 67. Ka5 Rc7 68. Kb4 Rbc8 69. Rd3+ Kg4 70. Rd4+ Kg3 71. c4 h3 72. Rd3+ Kg4 73. Rg1+ Kf5 74. Rd5+ Ke4 75. Rg4+ Kf3 76. Rh4 h2 77. Rd3+ Kg2 78. Rd2+ Kg3 79. Rdxh2 Rc5 80. R2h3+ 1-0

[Event "AUT Bundesliga 2024-25"]
[Site "Austria"]
[Date "2025.04.04"]
[Round "8.16"]
[White "Sebenik, Matej"]
[Black "Hacker, Jonas"]
[Result "1-0"]
[Annotator "RC"]
[ECO "A13"]
[WhiteElo "2491"]
[BlackElo "2370"]
[PlyCount "73"]
[EventDate "2024.08.28"]
[EventType "team-tourn"]
[EventCountry "AUT"]
[SourceTitle "playchess.com"]
[Source "ChessBase"]
[SourceQuality "1"]
[TimeControl "40/5400+30:1800+30"]

1. c4 Nf6 2. Nf3 e6 3. g3 d5 4. Bg2 dxc4 5. Qa4+ Bd7 6. Qxc4 c5 7. O-O Bc6 8. Nc3 Nbd7 9. e4 Rc8 10. Qe2 e5 11. d3 g6 12. Bh3 Bg7 13. a3 a5 14. a4 O-O 15. Nd2 Qc7 16. Nc4 b6 17. Bg5 Rb8 18. f4 h6 19. Bxf6 Bxf6 20. f5 Bg5 21. fxg6 fxg6 22. Be6+ Kg7 23. h4 Rxf1+ 24. Rxf1 Bf6 25. Bd5 Bxa4 26. Qg4 Nf8 27. Nxa4 b5 28. Ne3 bxa4 29. Nf5+ Kh7 30. Nxh6 Qb6 31. Ng8 Bg7 32. h5 c4+ 33. Kh1 Qe3 34. hxg6+ Nxg6 35. Qh5+ Bh6 36. Nxh6 Nf4 37. gxf4 1-0

[Event "AUT Bundesliga 2024-25"]
[Site "Austria"]
[Date "2025.04.04"]
[Round "8.19"]
[White "Kadric, Denis"]
[Black "Dragnev, Valentin"]
[Result "1/2-1/2"]
[Annotator "RC"]
[ECO "C11"]
[WhiteElo "2533"]
[BlackElo "2538"]
[PlyCount "104"]
[EventDate "2024.08.28"]
[EventType "team-tourn"]
[EventCountry "AUT"]
[SourceTitle "playchess.com"]
[Source "ChessBase"]
[SourceQuality "1"]
[TimeControl "40/5400+30:1800+30"]

1. e4 e6 2. d4 d5 3. Nc3 Nf6 4. e5 Nfd7 5. Nce2 c5 6. c3 Nc6 7. Nf3 Be7 8. h4 cxd4 9. cxd4 f6 10. Nf4 Ndxe5 11. dxe5 fxe5 12. Nh3 O-O 13. Be2 e4 14. Nh2 e5 15. O-O Bxh3 16. gxh3 Bxh4 17. f3 exf3 18. Bxf3 e4 19. Bg2 Qd6 20. Kh1 Bg3 21. Rxf8+ Rxf8 22. Nf1 Be5 23. Bd2 Nd4 24. Bc3 Ne6 25. Qd2 Bf4 26. Qe2 d4 27. Rd1 Qb6 28. Qxe4 dxc3 29. bxc3 Nc5 30. Qe7 Rc8 31. Rd4 Qc7 32. Qe2 Kh8 33. c4 Rf8 34. Rd5 b6 35. Rf5 Qc8 36. Rxf8+ Qxf8 37. Bd5 g6 38. Kg2 Kg7 39. Kf3 Qf6 40. Kg2 Qg5+ 41. Kf2 Be5 42. Qf3 Qc1 43. Qf7+ Kh6 44. Ne3 Qd2+ 45. Kf3 Qc3 46. Qf8+ Bg7 47. Qf4+ g5 48. Qf5 Bd4 49. Qf8+ Bg7 50. Qf5 Bd4 51. Qf8+ Bg7 52. Qf5 Bd4 1/2-1/2